 Dungeon Crawl Stone Soup version 0.25-a0-641-g189b929 (webtiles) character file.

Game seed: 1284798799723933186, levelgen mode: deterministic

657 Dorkslayer the Skirmisher (level 7, -3/49 HPs)
             Began as an Octopode Fighter on Mar 20, 2020.
             Slain by a sky beast (6 damage)
             ... on level 6 of the Dungeon.
             The game lasted 00:14:53 (2777 turns).

Dorkslayer the Skirmisher (Octopode Fighter)        Turns: 2777, Time: 00:14:53

Health: -3/49      AC:  1    Str: 17    XL:     7   Next: 55%
Magic:  3/3        EV: 12    Int: 11    God:
Gold:   183        SH:  9    Dex: 11    Spells: 9/9 levels left

rFire    . . .     SeeInvis .   k - +2 short sword (antimagic)
rCold    . . .     Gourm    .   b - +0 kite shield
rNeg     . . .     Faith    .   (helmet restricted)
rPois    .         Spirit   .   (no amulet)
rElec    .         Reflect  .   (no ring)
rCorr    .         Harm     .   (no ring)
MR       .....                  (no ring)
Stlth    ++++......             (no ring)
HPRegen  0.16/turn              (no ring)
MPRegen  0.08/turn              (no ring)
                                (no ring)
                                (no ring)

@: no status effects
A: almost no armour, stealthy swim, amphibious, 8 rings, constrict 8, camouflage
1, gelatinous body 1
a: no special abilities


You were on level 6 of the Dungeon.
You were not hungry.

You visited 1 branch of the dungeon, and saw 5 of its levels.

You collected 183 gold pieces.

Inventory:

Hand Weapons
 a - a +0 long sword
 k - a +2 antimagic short sword (weapon)
 r - a +4 hand axe of holy wrath
Missiles
 f - 6 boomerangs (quivered)
Armour
 b - a +0 kite shield (worn)
Scrolls
 e - 2 scrolls of identify {unknown}
 h - 2 scrolls of immolation
 i - a scroll of noise {unknown}
 n - a scroll of teleportation {unknown}
 q - a scroll of fear {unknown}
 v - a scroll of enchant weapon {unknown}
Potions
 c - a potion of might
 g - a potion of haste {unknown}
 j - 2 potions of ambrosia {unknown}
 l - a potion of cancellation {unknown}
 m - 2 potions of lignification {unknown}
 p - a potion of berserk rage {unknown}
 s - a potion of resistance {unknown}
 u - a potion of flight {unknown}
Comestibles
 d - 10 rations
 t - 5 chunks of flesh


   Skills:
 * Level 4.9 Fighting
 + Level 3.3(3.7) Short Blades
 + Level 2.3(3.2) Long Blades
 * Level 0.8 Throwing
 + Level 3.9 Dodging
 - Level 4.7 Stealth
 + Level 4.0 Shields
 * Level 1.6 Spellcasting


You had 9 spell levels left.
You didn't know any spells.
Your spell library contained the following spells:

 Spells                   Type           Power        Failure   Level  Hunger
 Magic Dart               Conj           #...         77%         1    ##.....
 Blink                    Tloc           N/A          88%         2    ###....
 Call Imp                 Summ           #.......     88%         2    ###....
 Slow                     Hex            #.......     88%         2    ###....
 Conjure Flame            Conj/Fire      #.......     98%         3    ####...
 Mephitic Cloud           Conj/Pois/Air  #.......     98%         3    ####...


Dungeon Overview and Level Annotations

Branches:
Dungeon (4/15)
 Temple: D:4-7

Altars:
Nemelex Xobeh
Vehumet


Innate Abilities, Weirdness & Mutations

You cannot wear most types of armour.
You are very stealthy in the water. (Stealth+)
You are amphibious.
You can wear up to eight rings at the same time.
You can use your tentacles to constrict eight enemies at once.
Your skin changes colour to match your surroundings (Stealth+).
Your rubbery body absorbs attacks. (AC +1, EV +1)


Message History

* * * LOW HITPOINT WARNING * * *
Something shocks you.
* * * LOW HITPOINT WARNING * * *
A sky beast appears from thin air!
Reactivating autopickup.
You hit the sky beast.
The sky beast is severely wounded.
You block the sky beast's attack.
You miss the sky beast.
The sky beast is severely wounded.
You block the sky beast's attack.
You hit the sky beast.
The sky beast is almost dead.
The sky beast closely misses you.
You hit the sky beast.
The sky beast is almost dead.
The sky beast hits you.
* * * LOW HITPOINT WARNING * * *
The sky beast shocks you.
You die...

#.....###....#
#.####.#.#.#.#
#.#####.##.#.# #
#.##.>..>..#.## .#
#.##.##.###...##..#
#.##.##.....#......
#.##.######..$#
#.##.#######Y##
#.##.[.....#@#
#.########.#.#
#......(.....#
##########.### #.#
#.# #.# #.# #.#


You could see a sky beast.

Vanquished Creatures
  Eustachio (D:4)
  An ogre (D:2)
  A bullfrog (D:6)
  Crazy Yiuf (D:3)
  An orc priest (D:6)
  An orc wizard (D:3)
  Terence (D:2)
  Natasha (thrice) (D:2)
  9 adders
  A dart slug (D:3)
  3 leopard geckos
  17 orcs
  8 bats
  3 giant cockroaches
  4 goblins
  6 hobgoblins
  7 jackals (D:2)
  9 kobolds
  2 quokkas (D:2)
  4 frilled lizards
  A leopard gecko skeleton (D:4)
  5 rats
89 creatures vanquished.

Notes
Turn   | Place    | Note
-------+----------+-------------------------------------------
     0 | D:1      | Dorkslayer the Octopode Fighter began the quest for the
                  | Orb.
     0 | D:1      | Reached XP level 1. HP: 16/16 MP: 1/1
    82 | D:1      | Reached XP level 2. HP: 20/21 MP: 2/2
   380 | D:1      | Found a sparkling altar of Nemelex Xobeh.
   818 | D:2      | Reached XP level 3. HP: 24/26 MP: 1/3
   910 | D:2      | Reached skill level 1 in Stealth
   972 | D:2      | Reached XP level 4. HP: 28/33 MP: 1/4
  1069 | D:2      | Noticed Natasha
  1077 | D:2      | Killed Natasha
  1198 | D:2      | Noticed Natasha
  1200 | D:2      | Noticed an ogre
  1203 | D:2      | Reached skill level 1 in Short Blades
  1209 | D:2      | Killed Natasha
  1209 | D:2      | Reached XP level 5. HP: 16/37 MP: 1/5
  1213 | D:2      | Killed an ogre
  1295 | D:2      | Noticed Natasha
  1307 | D:2      | Killed Natasha
  1307 | D:2      | Reached XP level 6. HP: 22/44 MP: 2/6
  1360 | D:2      | Noticed Terence
  1415 | D:2      | Killed Terence
  1551 | D:3      | Found a radiant altar of Vehumet.
  2080 | D:3      | Found a runed translucent door.
  2155 | D:3      | Noticed Crazy Yiuf
  2163 | D:3      | Killed Crazy Yiuf
  2483 | D:4      | Noticed Eustachio
  2494 | D:4      | Killed Eustachio
  2494 | D:4      | Reached skill level 1 in Spellcasting
  2494 | D:4      | Reached XP level 7. HP: 33/49 MP: 2/8
  2585 | D:4      | You fall into a shaft and drop 2 floors!
  2777 | D:6      | Slain by a sky beast

Levels and vault maps discovered:
D:1:      dpeg_arrival_pond, layout_basic, nemelex_altar_shiori
D:2:      layout_loops_ring, uniq_natasha, uniq_terence
D:3:      layout_basic, lemuel_crystal_altar, uniq_crazy_yiuf_cottage
D:4:      layout_loops_ring, nicolae_overflow_quartered_altars, first_ration,
          uniq_eustachio
D:6:      layout_loops_ring, fedhas_ov_isle_minmay

Skill      XL: |  1  2  3  4  5  6 |
---------------+-------------------+-----
Stealth        | 1 2 3 4 |  4.7
Fighting       | 4 |  4.9
Short Blades   | 1 2 3 |  3.3
Shields        | 4 |  4.0
Spellcasting   | 1 |  1.6
Long Blades    | |  2.3
Throwing       | |  0.8
Dodging        | |  3.9

Action                   |  1- 3 |  4- 6 |  7- 9 || total
-------------------------+-------+-------+-------++-------
Melee: Long sword        |    13 |       |       ||    13
       Constrict         |    15 |    26 |     5 ||    46
       Tentacles         |     7 |    19 |     3 ||    29
       Short sword       |    45 |   103 |    35 ||   183
Throw: Boomerang         |       |       |     2 ||     2
  Use: Potion            |       |     1 |     2 ||     3
       Scroll            |       |     1 |       ||     1
 Stab: Sleeping          |     2 |    16 |     4 ||    22
  Eat: Chunk             |       |     5 |     1 ||     6
Armor: Skin              |     5 |     6 |     2 ||    13
Dodge: Dodged            |    21 |    31 |     4 ||    56
Block: Kite shield       |    25 |    38 |    15 ||    78

Table legend:
 A = Non-vault XP
 B = Vault XP
 C = Vault XP percentage of total XP
 D = Non-vault monster count
 E = Vault monster count
 F = Vault count percentage of total count
                 A         B        C        D         E       F
            +---------+---------+-------+---------+---------+-------
      Total |     628 |     311 |  33.1 |      85 |       4 |   4.5
            +---------+---------+-------+---------+---------+-------
        D:1 |      29 |       0 |   0.0 |      19 |       0 |   0.0
        D:2 |     284 |      73 |  20.4 |      25 |       2 |   7.4
        D:3 |     155 |      41 |  20.9 |      31 |       1 |   3.1
        D:4 |       5 |     197 |  97.5 |       3 |       1 |  25.0
        D:6 |     155 |       0 |   0.0 |       7 |       0 |   0.0
            +---------+---------+-------+---------+---------+-------
